Map: Orbital Shipyard

Players

wabbajack

  • Race: Zerg Zerg
  • League: Silver

Stephano - Winner!

  • Race: Zerg Zerg
  • League: Silver

VOD

Have the link to the VOD?

Description

Time

  • Played on: Oct. 1, 2015, 4:51 p.m.
  • Length: 4:17
Show
View Real Time Build Order
Export as new Build Order

wabbajack Zerg 

Build Orders: Pool First 

Get SALT Encoding   

  12  0:01  Drone  
  13  0:15  Overlord  
  13  0:19  Drone  
  14  0:28  Extractor  
  13  0:29  Drone  
  13  0:34  Drone  
  16  0:37  Drone  
  16  0:42  Extractor  
  16  0:48  Drone  
  17  0:57  Spawning Pool  
  17  0:59  Drone  
  17  1:09  Drone  
  18  1:24  Hatchery  
  17  1:29  Drone  
  18  1:38  Evolution Chamber  
  17  1:41  Drone  
  17  1:42  Drone  
  19  1:50  Queen  
  21  1:58  Overlord  
  21  2:04  Zergling x2  
  22  2:09  Zerg Melee Weapons Level 1  
  22  2:20  Metabolic Boost  
  22  2:36  Queen  
  24  2:38  Queen  
  24  2:42  Spine Crawler  
  25  2:47  Drone  
  25  2:48  Drone  
  25  2:49  Drone  
  28  2:52  Drone  
  28  2:55  Drone  
  30  2:59  Drone  
  31  3:06  Spine Crawler  
  31  3:12  Overlord  
  30  3:27  Baneling Nest  
  30  3:28  Zergling x2  
  30  3:29  Zergling x6  
  32  3:37  Zergling x6  
  35  3:46  Zergling x4  
  35  3:47  Zergling x4  
  39  3:48  Overlord  
Show
View Real Time Build Order
Export as new Build Order

Stephano Zerg - Winner!

Build Orders: Pool Only 

Get SALT Encoding   

  12  0:01  Drone  
  13  0:12  Overlord  
  13  0:18  Drone  
  14  0:32  Drone x2  
  16  0:41  Spawning Pool  
  15  0:45  Extractor  
  15  0:48  Drone  
  15  0:51  Drone  
  16  0:58  Drone  
  17  1:08  Overlord  
  17  1:19  Drone  
  18  1:28  Queen  
  18  1:30  Zergling x2  
  21  1:39  Zergling x2  
  22  1:47  Metabolic Boost  
  22  1:51  Zergling x2  
  23  2:01  Zergling x2  
  24  2:10  Baneling Nest  
  24  2:11  Zergling x2  
  24  2:27  Zergling x2  
  25  2:40  Zergling x10  
  30  2:50  Overlord  
  30  3:09  Zergling x2  
  30  3:10  Zergling x2  
  32  3:16  Zergling x8  
  32  3:19  Baneling  
  36  3:20  Baneling x6  
  35  3:36  Zergling x4  
  36  3:43  Zergling x2  
Tags
 
Add a new tag
Caveats
  • Supply blocks, unpowered buildings, or Contaminate may cause inaccurate times.
  • Supply counts are checked every 10 seconds.